 Dungeon Crawl Stone Soup version 0.31-a0-1163-gcee99d1eea (webtiles) character file.

Game seed: 12721220748589291038

617 Curundu the Cudgeller (level 7, -11/60 HPs)
             Began as a Minotaur Gladiator on Dec 9, 2023.
             Mangled by Edmund
             ... wielding a +4 heavy flail
              (15 damage)
             ... on level 4 of the Dungeon.
             The game lasted 00:13:51 (2960 turns).

Curundu the Cudgeller (Minotaur Gladiator)          Turns: 2960, Time: 00:13:52

Health: -11/60     AC: 10    Str: 21    XL:     7   Next: 21%
Magic:  0/6        EV:  9    Int:  5    God:
Gold:   135        SH:  0    Dex: 11    Spells: 6/6 levels left

rFire   + + .        C - +2 short sword (freeze)
rCold   . . .        (no shield)
rNeg    . . .        i - +1 chain mail {Will+}
rPois   .            c - +0 hat
rElec   .            (no cloak)
rCorr   .            (no gloves)
SInv    .            (no boots)
Will    +....        s - amulet of guardian spirit Stlth
                     q - ring of protection from fire
HPRegen 0.30/turn    r - ring of protection from fire
MPRegen 0.10/turn

%: guardian spirit
@: no status effects
A: horns 2, retaliatory headbutt
a: no special abilities


You were on level 4 of the Dungeon.
You visited 1 branch of the dungeon, and saw 4 of its levels.

You collected 135 gold pieces.

Inventory:

Hand Weapons
 a - a +0 flail
 b - a +3 short sword
 C - a +2 short sword of freezing (weapon)
Missiles
 d - 2 throwing nets (quivered)
 D - 5 stones
Armour
 c - a +0 hat (worn)
 i - a +1 chain mail of willpower (worn)
Magical Staves
 w - a staff of poison
Jewellery
 q - a ring of protection from fire (left hand)
 r - a ring of protection from fire (right hand)
 s - an amulet of guardian spirit (around neck)
Wands
 f - a wand of light (9)
Scrolls
 g - 3 scrolls of noise {unknown}
 l - a scroll of enchant armour {unknown}
 m - 2 scrolls of amnesia {unknown}
 n - 3 scrolls of identify {unknown}
 p - a scroll of immolation {unknown}
 u - a scroll of torment {unknown}
 v - 2 scrolls of revelation {unknown}
 x - a scroll of teleportation {unknown}
 y - a scroll of fear {unknown}
 B - a scroll of poison {unknown}
Potions
 h - a potion of enlightenment {unknown}
 j - a potion of lignification {unknown}
 k - a potion of ambrosia {unknown}
 o - 3 potions of resistance {unknown}
 t - a potion of magic {unknown}
 z - a potion of brilliance {unknown}
 A - a potion of haste {unknown}


   Skills:
 + Level 4.7 Fighting
 + Level 1.4 Short Blades
 + Level 7.1 Maces & Flails
 + Level 2.5 Throwing
 + Level 3.8 Armour
 + Level 4.2 Dodging


You had 6 spell levels left.
You didn't know any spells.
Your spell library contained the following spells:

 Spells                   Type           Power      Damage    Failure   Level
 Frozen Ramparts          Ice            0%         1d1       100%        3
 Petrify                  Tmut/Erth      0%         N/A       100%        4
 Metabolic Englaciation   Hex/Ice        0%         N/A       100%        5


Dungeon Overview and Level Annotations

Branches:
Dungeon (4/15)             Temple (0/1) D:4

Altars:
Gozag
Ru
Sif Muna

Annotations:
D:4 Edmund


Innate Abilities, Weirdness & Mutations

You have a pair of horns on your head.
You reflexively headbutt those who attack you in melee.


Message History

Ijyb is moderately wounded.
Ijyb closely misses you. You furiously retaliate!
You headbutt Ijyb! Edmund hits you with a +4 heavy flail.
You hit Ijyb but do no damage. Your punch misses Ijyb.
Ijyb is severely wounded.
Ijyb completely misses you.
You barely miss Ijyb. Your headbutt misses Ijyb.
Ijyb is severely wounded.
Edmund hits you with a +4 heavy flail! Ijyb hits you but does no damage.
You hit Ijyb. You freeze Ijyb. You headbutt Ijyb.
You kill Ijyb!
You hit Edmund. You freeze Edmund. You headbutt Edmund, but do no damage.
Edmund is lightly wounded.
Edmund barely misses you. You furiously retaliate!
You headbutt Edmund! You barely miss Edmund.
You headbutt Edmund, but do no damage.
Edmund is moderately wounded.
Edmund hits you with a +4 heavy flail!!
You barely miss Edmund.
Edmund is moderately wounded.
You hit Edmund. You freeze Edmund. Your headbutt misses Edmund.
Edmund is moderately wounded.
Edmund hits you with a +4 heavy flail!
* * * LOW HITPOINT WARNING * * *
You hit Edmund. You freeze Edmund. You headbutt Edmund, but do no damage.
Edmund is heavily wounded.
You hit Edmund. You freeze Edmund.
Edmund is severely wounded.
Edmund barely misses you. You furiously retaliate!
You headbutt Edmund. You hit Edmund. You freeze Edmund.
Edmund is severely wounded.
Edmund hits you with a +4 heavy flail!
* * * LOW HITPOINT WARNING * * *
You hit Edmund. You freeze Edmund.
Edmund is almost dead.
You hit Edmund. You freeze Edmund.
Edmund is almost dead.
Edmund mutters, "Who needs spells, anyway?"
Edmund hits you with a +4 heavy flail!
You die...
Edmund says, "That'll show my brother!"

.................#.#.
.....................
............<...#..##
.....................
..................#..
.................##.. .
................## ...
................###.....
................@)......
................@....(..
........................
....................$...
.>..............########
................#
..........# .........#


You could see Edmund.

Vanquished Creatures
  Menkaure (D:4)
  A sky beast (D:4)
  A phantom (D:4)
  Blork the orc (D:4)
  A scorpion (D:4)
  Ijyb (D:4)
  An orc wizard (D:3)
  5 adders
  A white imp (D:4)
  A worm (D:2)
  4 dart slugs
  7 orcs
  9 ball pythons
  5 bats
  11 endoplasms
  4 giant cockroaches
  7 goblins
  6 hobgoblins
  4 quokkas
  4 frilled lizards
  5 kobolds
  4 rats
84 creatures vanquished.

Notes
Turn   | Place    | Note
-------+----------+-------------------------------------------
     0 | D:1      | Curundu the Minotaur Gladiator began the quest for the Orb.
     0 | D:1      | Reached XP level 1. HP: 18/18 MP: 0/0
   147 | D:1      | Reached XP level 2. HP: 21/25 MP: 1/1
   264 | D:1      | Reached skill level 4 in Maces & Flails
   634 | D:1      | Reached XP level 3. HP: 29/30 MP: 2/2
  1289 | D:2      | Found a shimmering blue altar of Sif Muna.
  1466 | D:2      | Reached skill level 1 in Armour
  1652 | D:3      | Reached XP level 4. HP: 26/37 MP: 3/3
  1937 | D:3      | Reached skill level 5 in Maces & Flails
  2028 | D:3      | Found a sacrificial altar of Ru.
  2028 | D:3      | Found an opulent altar of Gozag.
  2314 | D:4      | Noticed a sky beast
  2323 | D:4      | Killed a sky beast
  2324 | D:4      | Reached XP level 5. HP: 39/46 MP: 4/4
  2367 | D:4      | Reached skill level 6 in Maces & Flails
  2367 | D:4      | Reached XP level 6. HP: 37/52 MP: 5/5
  2488 | D:4      | Noticed Blork the orc
  2496 | D:4      | Killed Blork the orc
  2763 | D:4      | Noticed Menkaure
  2779 | D:4      | Killed Menkaure
  2780 | D:4      | Reached skill level 1 in Short Blades
  2780 | D:4      | Reached skill level 7 in Maces & Flails
  2780 | D:4      | Reached XP level 7. HP: 18/60 MP: 2/6
  2787 | D:4      | Found a staircase to the Ecumenical Temple.
  2941 | D:4      | Noticed Edmund
  2941 | D:4      | Noticed Ijyb
  2951 | D:4      | Killed Ijyb
  2960 | D:4      | Mangled by Edmund

Illustrated notes

Levels and vault maps discovered:
D:1:      ncdulo_halloftheorcs, layout_loops_ring, serial_co_window_serial,
          co_window_paths_a, co_window_paths_b, co_window_of_opportunity_a,
          co_window_paths_a, co_window_paths_a, co_window_of_opportunity_b,
          co_window_2corner, co_window_unsneaky_path_b, co_window_paths_d,
          co_window_sun, minmay_hedge_maze
D:2:      layout_rooms, basic_altar
D:3:      layout_rooms, amethyst_overflow_temple_binary
D:4:      layout_basic, kiku_gazebo_garden_becter, minmay_temple_entry_trees,
          uniq_blork_the_orc, uniq_menkaure, uniq_edmund, uniq_ijyb

Skill      XL: |  1  2  3  4  5  6 |
---------------+-------------------+-----
Maces & Flails | 4 5 6 7 |  7.1
Armour         | 1 2 3 |  3.8
Fighting       | 3 4 |  4.7
Dodging        | 4 |  4.2
Short Blades   | 1 |  1.4
Throwing       | |  2.5

Action                     |  1- 3 |  4- 6 |  7- 9 || total
---------------------------+-------+-------+-------++-------
  Melee: Flail             |    89 |    57 |       ||   146
         Headbutt          |    13 |    16 |     6 ||    35
         Short sword       |       |    44 |    20 ||    64
  Throw: Stone             |    21 |       |       ||    21
         Throwing net      |       |     2 |       ||     2
         Javelin           |       |     2 |     1 ||     3
 Armour: Chain mail        |    82 |    57 |    11 ||   150
  Dodge: Dodged            |    65 |    42 |     7 ||   114

Table legend: (Time is in decaauts)
 A = Elapsed time spent in this place.
 B = Non-inter-level travel time spent in this place.
 C = Inter-level travel time spent in this place.
 D = Time resting spent in this place.
 E = Time spent auto-exploring this place.
 F = Levels seen in this place.
 G = Mean time per level.
                   A        B        C        D        E       F      G
               +--------+--------+--------+--------+--------+-----+--------+
         Total |   2983 |   2983 |      0 |     69 |   2028 |   4 |  745.8 |
       Dungeon |   2983 |   2983 |      0 |     69 |   2028 |   4 |  745.8 |
               +--------+--------+--------+--------+--------+-----+--------+

Top non-repeatable levels by time:
     D:1: 1180 daAuts
     D:3: 766 daAuts
     D:4: 651 daAuts
     D:2: 384 daAuts
